Map: Dusk Towers

Players

llllllllllll

  • Race: Terran Terran
  • League: Grandmaster

State - Winner!

  • Race: Protoss Protoss
  • League: Grandmaster

VOD

Have the link to the VOD?

Description

Time

  • Played on: Nov. 24, 2015, 11:13 p.m.
  • Length: 9:50
Show
View Real Time Build Order
Export as new Build Order

llllllllllll Terran 

Build Orders: Reaper Expand, Bio Mine 

Get SALT Encoding   

  12  0:00  SCV  
  13  0:12  SCV  
  14  0:19  Supply Depot  
  14  0:24  SCV  
  15  0:31  Refinery  
  15  0:41  SCV  
  16  0:45  Barracks  
  16  0:53  SCV  
  17  1:05  SCV  
  18  1:17  SCV  
  19  1:31  Orbital Command  
  19  1:32  Reaper  
  20  1:42  Command Center  
  20  1:47  Refinery  
  20  1:57  Supply Depot  
  20  1:58  SCV  
  21  2:06  Barracks Reactor  
  21  2:10  SCV  
  22  2:17  Factory  
  22  2:22  SCV  
  23  2:34  SCV  
  23  2:35  Barracks  
  24  2:42  Marine  
  24  2:43  Marine  
  26  2:46  SCV  
  27  2:54  Orbital Command  
  28  2:58  SCV  
  28  3:00  Widow Mine  
  30  3:05  Armory  
  30  3:07  Marine  
  30  3:10  Marine  
  32  3:18  Bunker  
  32  3:20  SCV  
  32  3:22  SCV  
  32  3:24  Barracks Tech Lab  
  33  3:30  Factory Tech Lab  
  33  3:32  Marine x2  
  35  3:35  SCV  
  35  3:36  SCV  
  37  3:44  Stimpack  
  37  3:45  Marine  
  37  3:47  SCV  
  37  3:48  SCV  
  40  3:51  Marine x2  
  42  3:58  Cyclone  
  42  4:02  Drilling Claws  
  45  4:06  Supply Depot  
  45  4:08  SCV  
  46  4:11  Supply Depot  
  46  4:27  SCV x2, Starport, Marine x3  
  51  4:31  Widow Mine  
  53  4:40  SCV x2  
  53  4:43  Supply Depot  
  53  4:45  Marine x2  
  57  4:50  Engineering Bay  
  57  4:51  Marine  
  57  4:52  SCV  
  59  4:59  SCV  
  60  5:00  Supply Depot  
  60  5:03  Marine  
  60  5:04  SCV  
  60  5:06  Medivac  
  64  5:07  Marine  
  64  5:11  SCV  
  66  5:15  Marine, Widow Mine  
  66  5:18  SCV  
  66  5:20  Command Center  
  70  5:24  Refinery  
  70  5:25  Marine  
  70  5:27  Supply Depot  
  71  5:31  SCV  
  71  5:32  SCV  
  71  5:34  Barracks  
  73  5:39  Starport Reactor  
  73  5:52  Widow Mine x2  
  73  5:54  Combat Shields, Marine, Barracks Reactor  
  73  5:57  SCV  
  79  6:00  Terran Infantry Weapons Level 1  
  79  6:01  Supply Depot  
  79  6:05  Refinery  
  79  6:07  SCV  
  79  6:09  SCV, Supply Depot  
  79  6:10  Supply Depot  
  81  6:12  Marine  
  81  6:17  Barracks x2  
  82  6:20  Medivac x2  
  82  6:24  Supply Depot  
  86  6:25  Barracks Reactor  
  86  6:30  Marauder  
  87  6:34  Marine  
  87  6:35  Marine  
  87  6:36  Widow Mine x2  
  93  6:42  SCV  
  92  6:50  Supply Depot, Engineering Bay, Orbital Command  
  89  6:54  SCV  
  89  6:57  Missile Turret x2  
  89  6:59  Missile Turret, Medivac  
  89  7:00  Medivac  
  93  7:02  Marine  
  93  7:04  Marine  
  95  7:11  SCV, Barracks Tech Lab  
  95  7:13  Orbital Command, Widow Mine x2  
  100  7:20  Liberator  
  100  7:21  Marine x2  
  106  7:22  Marauder  
  106  7:23  SCV, Marine x2, Marauder  
  106  7:26  Terran Infantry Armor Level 1  
  110  7:30  SCV  
  110  7:31  Marine  
  110  7:35  SCV  
  112  7:39  SCV, Marine  
  112  7:42  SCV, Marine  
  123  7:44  Marauder x2  
  123  7:46  Marine  
  123  7:47  Marine  
  123  7:49  Marauder  
  127  7:53  Refinery  
  127  7:54  Refinery  
  127  7:55  SCV  
  127  7:57  Widow Mine  
  132  8:05  Marauder, Marine  
  134  8:06  Liberator, Marine  
  134  8:07  Marine x2  
  138  8:17  Marine  
  138  8:18  Marauder  
  122  8:23  Marine  
  122  8:24  Widow Mine, Marine  
  122  8:26  Marine  
  122  8:27  Marauder  
  128  8:32  SCV  
  128  8:34  Marine  
  128  8:36  Marauder  
  128  8:38  SCV  
  128  8:39  Marauder, Widow Mine  
  128  8:41  Marine  
  129  8:42  Marine  
  129  8:46  Bunker, Marine  
  129  8:48  Marauder  
  134  8:50  SCV  
  134  8:51  Marine  
  130  8:57  Marauder  
  130  8:59  Marine x2  
  130  9:00  Marauder  
  117  9:04  Marine, Widow Mine  
  117  9:05  Medivac  
  117  9:08  Widow Mine  
  117  9:09  Marauder  
  120  9:10  Marine  
  120  9:16  Marine  
  122  9:17  Marine  
  122  9:18  Marauder  
  122  9:22  Marine, Marauder  
  122  9:28  Marine  
Show
View Real Time Build Order
Export as new Build Order

State Protoss - Winner!

Build Orders: 1 Gate Expand 

Get SALT Encoding   

  12  0:01  Probe (Chrono Boost)  
  13  0:11  Probe (Chrono Boost)  
  14  0:18  Pylon  
  14  0:22  Probe (Chrono Boost)  
  15  0:36  Probe (Chrono Boost)  
  15  0:37  Gateway  
  15  0:42  Assimilator  
  16  0:46  Probe (Chrono Boost)  
  18  0:57  Probe (Chrono Boost)  
  18  1:07  Probe (Chrono Boost)  
  19  1:19  Nexus  
  19  1:22  Probe (Chrono Boost)  
  20  1:32  Cybernetics Core  
  20  1:35  Probe (Chrono Boost)  
  20  1:39  Assimilator  
  21  1:45  Probe (Chrono Boost)  
  22  1:50  Pylon  
  22  1:56  Probe (Chrono Boost)  
  23  2:09  Mothership Core (Chrono Boost), Adept  
  23  2:14  Warp Gate  
  27  2:27  Probe (Chrono Boost)  
  28  2:31  Probe (Chrono Boost)  
  28  2:36  Adept  
  31  2:38  Probe (Chrono Boost)  
  31  2:41  Probe (Chrono Boost)  
  31  2:42  Robotics Facility  
  33  2:48  Probe (Chrono Boost)  
  34  2:52  Probe (Chrono Boost)  
  35  2:59  Probe (Chrono Boost)  
  35  3:03  Probe (Chrono Boost)  
  37  3:09  Probe (Chrono Boost), Adept  
  40  3:14  Probe (Chrono Boost)  
  41  3:20  Probe (Chrono Boost)  
  41  3:25  Probe (Chrono Boost)  
  43  3:29  Pylon, Warp Prism (Chrono Boost)  
  43  3:30  Probe (Chrono Boost)  
  46  3:39  Twilight Council  
  46  3:40  Pylon  
  46  3:46  Probe  
  46  3:47  Assimilator  
  46  3:48  Probe, Assimilator  
  48  3:57  Probe  
  48  3:59  Pylon  
  48  4:00  Probe  
  48  4:01  Observer (Chrono Boost)  
  51  4:08  Probe  
  52  4:12  Probe  
  52  4:15  Resonating Glaives (Chrono Boost)  
  53  4:17  Observer  
  53  4:20  Probe  
  53  4:23  Gateway x2, Adept  
  58  4:24  Probe  
  58  4:27  Gateway  
  58  4:31  Pylon  
  58  4:36  Observer  
  58  4:37  Probe x2  
  61  4:46  Forge  
  63  4:55  Observer  
  63  4:58  Nexus  
  64  5:00  Pylon  
  64  5:01  Sentry  
  64  5:11  Immortal  
  64  5:13  Robotics Bay  
  64  5:15  Pylon  
  64  5:16  Probe  
  69  5:21  Protoss Ground Armor Level 1 (Chrono Boost)  
  69  5:22  Probe  
  69  5:26  Sentry  
  69  5:28  Probe  
  73  5:34  Probe  
  74  5:37  Sentry, Stalker  
  74  5:40  Probe  
  79  5:45  Immortal  
  79  5:47  Probe  
  80  5:52  Probe  
  80  5:54  Pylon  
  80  5:57  Pylon  
  85  5:58  Blink (Chrono Boost)  
  85  5:59  Probe, Pylon  
  86  6:04  Probe  
  86  6:06  Gravitic Drive  
  86  6:09  Probe  
  86  6:11  Probe  
  89  6:14  Stalker  
  89  6:16  Probe  
  92  6:19  Probe  
  92  6:20  Stalker  
  92  6:23  Probe  
  96  6:28  Probe  
  96  6:30  Probe  
  85  6:35  Probe  
  85  6:39  Photon Cannon  
  86  6:40  Probe  
  86  6:41  Probe  
  88  6:47  Probe  
  88  6:51  Probe  
  88  6:52  Immortal, Probe  
  91  6:59  Probe  
  96  7:03  Probe  
  96  7:05  Probe, Gateway  
  96  7:07  Gateway  
  98  7:09  Gateway  
  98  7:11  Gateway  
  98  7:13  Sentry x3  
  98  7:14  Sentry  
  98  7:15  Protoss Ground Weapons Level 1 (Chrono Boost)  
  106  7:23  Gateway  
  106  7:24  Gateway  
  106  7:26  Gateway  
  108  7:39  Stalker x4  
  114  7:44  Gateway  
  114  7:45  Gateway  
  114  7:49  Immortal, Pylon  
  114  7:55  Probe x2  
  120  8:01  Adept  
  120  8:02  Adept x4  
  130  8:18  Stalker  
  130  8:19  Stalker x4  
  116  8:28  Adept  
  116  8:29  Adept x3  
  116  8:33  Adept x2  
  128  8:44  Stalker x5  
  130  8:56  Adept x5  
  130  9:00  Adept x2  
  116  9:12  Adept x5  
  126  9:24  Adept x5  
  126  9:27  Adept  
  126  9:29  Adept  
  118  9:36  Adept x3  
Tags
 
Add a new tag
Caveats
  • Supply blocks, unpowered buildings, or Contaminate may cause inaccurate times.
  • Supply counts are checked every 10 seconds.